 Dungeon Crawl Stone Soup version 0.28-a0-1395-g4f6bc678fa (webtiles) character file.

Game seed: 12068720392330655000

34 SirFunk the Skirmisher (level 3, -2/33 HPs)
             Began as a Hill Orc Fighter on Jan 4, 2022.
             Slain by Sigmund (11 damage)
             ... on level 2 of the Dungeon.
             The game lasted 00:01:22 (997 turns).

SirFunk the Skirmisher (Hill Orc Fighter)            Turns: 997, Time: 00:01:23

Health: -2/33      AC:  6    Str: 20    XL:     3   Next: 31%
Magic:  3/3        EV:  9    Int:  8    God:
Gold:   28         SH:  0    Dex: 10    Spells: 2/2 levels left

rFire   . . .      SeeInvis .   a - +0 war axe
rCold   . . .      Faith    .   c - +0 buckler
rNeg    . . .      Spirit   .   b - +0 scale mail
rPois   .          Reflect  .   (no helmet)
rElec   .          Harm     .   (no cloak)
rCorr   .          Rampage  .   (no gloves)
Will    .....                   (no boots)
Stlth   ..........              (no amulet)
HPRegen 0.11/turn               (no ring)
MPRegen 0.08/turn               (no ring)

@: confused
A: no striking features
a: no special abilities


You were on level 2 of the Dungeon.
You visited 1 branch of the dungeon, and saw 2 of its levels.

You collected 28 gold pieces.

Inventory:

Hand Weapons
 a - a +0 war axe (weapon)
Armour
 b - a +0 scale mail (worn)
 c - a +0 buckler (worn)
Scrolls
 e - 2 scrolls of identify {unknown}
Potions
 d - a potion of might
 f - a potion of resistance {unknown}


   Skills:
 + Level 4.0 Fighting
 * Level 3.7 Axes
 + Level 3.6 Armour
 + Level 3.6 Shields


You had 2 spell levels left.
You didn't know any spells.
Your spell library was empty.

Dungeon Overview and Level Annotations

Branches:
Dungeon (2/15)

Altars:

Annotations:
D:2 Sigmund


Message History

A kobold is nearby!
A kobold is nearby!
The kobold hits you but does no damage.
Sigmund shouts!
You slash the kobold!
You kill the kobold!
Sigmund casts a spell.
Sigmund flickers and vanishes!
Deactivating autopickup; reactivate with Ctrl-A.
No reachable target in view!
No reachable target in view!
Sorry, you're not good enough to have a special ability.
Unknown command.
There is a stone staircase leading up here.
There is a stone staircase leading up here.
You hit the endoplasm but do no damage. The endoplasm freezes you.
You are frozen.
Okay, then.
You slash the endoplasm!
You kill the endoplasm!
Something hits you. Something hits you.
You miss something. Something hits you but does no damage.
You miss something. You block something's attack.
You slash something! You barely miss something.
Something hits you but does no damage.
You barely miss something. Something hits you.
You hear some strange, mumbled words.
You are confused.
You bump into the rock wall.
Something hits you!
* * * LOW HITPOINT WARNING * * *
Unknown command.
You hear some strange, mumbled words.
A puff of flame appears from out of thin air!
The puff of flame misses you.
You completely miss something. Something completely misses you.
Unknown command.
You bump into the rock wall.
Something hits you!
You die...

... ..#..#........# ..# #.
...............#.##..#.
#..#..#.#..#.#.##.#......8 .
#..#..#.#..#............ ..÷
#.....#.#..............##8÷..
.............#.##.#..#..J.J..
........#..#.#.##.#..#.##8...
#...#..#..<@.{....)..#### #
#.....†....##.#.......... #.
#..##..##..##.........#..
...###..##..##................
........##..##..#####.##......
........##..##..#####.# .##...
.#####..##.........##.# .# ..
#......(....##.##.# # #
##..######..##.##..


There were no monsters in sight!

Vanquished Creatures
  5 ball pythons
  2 bats (D:1)
  3 endoplasms
  2 giant cockroaches (D:1)
  4 hobgoblins
  5 kobolds
  A quokka (D:2)
  2 frilled lizards (D:1)
  4 goblins (D:1)
  A rat (D:1)
29 creatures vanquished.

Notes
Turn   | Place    | Note
-------+----------+-------------------------------------------
     0 | D:1      | SirFunk the Hill Orc Fighter began the quest for the Orb.
     0 | D:1      | Reached XP level 1. HP: 19/19 MP: 1/1
   180 | D:1      | Reached XP level 2. HP: 21/27 MP: 2/2
   665 | D:1      | Reached XP level 3. HP: 33/33 MP: 3/3
   764 | D:1      | Reached skill level 4 in Fighting
   970 | D:2      | Noticed Sigmund
   997 | D:2      | Slain by Sigmund

Illustrated notes

Levels and vault maps discovered:
D:1:      dpeg_arrival_simpleton_b, layout_loops_ring
D:2:      layout_basic, shapermc_ecumenical_altar_pompeii,
          uniq_crazy_yiuf_cottage, uniq_sigmund

Skill      XL: |  1  2  3 |
---------------+----------+-----
Axes           | 3 |  3.7
Fighting       | 4 |  4.0
Armour         | |  3.6
Shields        | |  3.6

Action                   || total
-------------------------++-------
Melee: War axe           ||    77
Armor: Scale mail        ||    36
Dodge: Dodged            ||    39
Block: Buckler           ||    14

Table legend: (Time is in decaauts)
 A = Elapsed time spent in this place.
 B = Non-inter-level travel time spent in this place.
 C = Inter-level travel time spent in this place.
 D = Time resting spent in this place.
 E = Time spent auto-exploring this place.
 F = Levels seen in this place.
 G = Mean time per level.
                   A        B        C        D        E       F      G
               +--------+--------+--------+--------+--------+-----+--------+
         Total |   1023 |    991 |     32 |      0 |    762 |   2 |  511.5 |
       Dungeon |   1023 |    991 |     32 |      0 |    762 |   2 |  511.5 |
               +--------+--------+--------+--------+--------+-----+--------+

Top non-repeatable levels by time:
     D:1: 910 daAuts
     D:2: 112 daAuts
